 Dungeon Crawl Stone Soup version 0.29-a0-486-ga88943ba61 (console) character file.

Game seed: 2481157275920443763

244 Faeu the Sneak (level 5, 0/32 HPs)
             Began as a Vampire Gladiator on May 26, 2022.
             Slain by an orc priest
             ... wielding a +0 hand axe
              (2 damage)
             ... on level 4 of the Dungeon.
             The game lasted 00:06:22 (3570 turns).

Faeu the Sneak (Vampire Gladiator)                  Turns: 3570, Time: 00:06:23

Health: 0/32       AC:  5    Str: 13    XL:     5   Next: 83%
Magic:  5/5        EV: 13    Int: 15    God:
Gold:   178        SH:  0    Dex: 21    Spells: 4/4 levels left

rFire   . . .      SeeInvis +   p - +7 dagger {vorpal, Int-2 Dex+4 Stlth+, short}
rCold   + + .      Faith    .   (no shield)
rNeg    + + +      Spirit   .   b - +0 leather armour
rPois   ∞          Reflect  .   c - +0 helmet
rElec   .          Harm     .   C - +0 cloak {Stlth+}
rCorr   .          Rampage  .   (no gloves)
Will    .....                   (no boots)
Stlth   ++++++++..              (no amulet)
HPRegen 0.00/turn               D - +6 ring of intelligence
MPRegen 0.09/turn               (no ring)

@: bloodless, inhibited regen
A: bloodless, fangs 3, see invisible, vampiric 2
a: Bat Form, Revivify


You were on level 4 of the Dungeon.
You visited 1 branch of the dungeon, and saw 4 of its levels.
You also visited: Sewer.

You collected 178 gold pieces.


Innate Abilities, Weirdness & Mutations

You do not regenerate when monsters are visible.
You are frail without blood (-20% HP).
You can heal yourself when you bite living creatures.
You are immune to poison.
You have razor-sharp teeth.
You have supernaturally acute eyesight. (SInv)
You are afflicted with vampirism and can become a bat while bloodless.


   Skills:
 - Level 3.1 Fighting
 - Level 3.9 Short Blades
 - Level 1.5 Throwing
 - Level 3.2 Dodging
 + Level 7.2 Stealth


You had 4 spell levels left.
You didn't know any spells.
Your spell library was empty.

Inventory:

Hand Weapons
 a - a +0 rapier {short}
 k - a +2 vorpal hunting sling {sling}
   (You found it on level 1 of the Dungeon)
 p - the +7 dagger of Caustic Judgement (weapon) {vorpal, Int-2 Dex+4 Stlth+, short}
   (You found it on level 2 of the Dungeon)

   It inflicts extra damage upon your enemies.
   Int:       It affects your intelligence (-2).
   Dex:       It affects your dexterity (+4).
   Stlth:     It makes you more stealthy.
 L - a +2 war axe of flaming {axe}
   (You found it in a sewer)
Missiles
 d - 3 throwing nets (quivered) {=f!fthrowing}
 e - a javelin {throwing}
 f - 42 stones {throwing}
 l - 5 boomerangs {throwing}
 v - 12 poisoned darts {throwing}
Armour
 b - a +0 leather armour (worn)
 c - a +0 helmet (worn)
 A - a +0 scale mail
   (You found it on level 2 of the Dungeon)
 B - a +0 leather armour
   (You found it on level 3 of the Dungeon)
 C - a +0 cloak of stealth (worn)
   (You found it on level 3 of the Dungeon)
 E - a +0 ring mail
   (You found it on level 3 of the Dungeon)
 F - a +0 animal skin
   (You took it off an orc on level 3 of the Dungeon)
 G - a +0 ring mail
   (You found it on level 3 of the Dungeon)
 H - a +0 ring mail
   (You took it off an orc on level 3 of the Dungeon)
 M - a +0 chain mail
   (You found it on level 4 of the Dungeon)
Magical Staves
 g - a staff of earth {!astaff}
   (You found it on level 1 of the Dungeon)
 w - a staff of poison {!astaff}
   (You found it on level 2 of the Dungeon)
Jewellery
 D - a +6 ring of intelligence (left hand)
   (You found it on level 3 of the Dungeon)
Scrolls
 j - 6 scrolls of identify {unknown}
 n - a scroll of enchant armour {unknown}
 o - a scroll of acquirement {unknown}
 r - a scroll of vulnerability {unknown}
 x - a scroll of fear {unknown}
 y - a scroll of magic mapping {unknown}
 z - a scroll of immolation {unknown}
 I - a scroll of brand weapon {unknown}
 K - a scroll of blinking {!r}
Potions
 h - 2 potions of haste {unknown}
 i - a potion of resistance {unknown}
 m - 3 potions of degeneration {unknown}
 q - a potion of might {unknown}
 s - a potion of mutation {unknown}
 t - 2 potions of brilliance {unknown}
 u - a potion of attraction {unknown}
 J - 2 potions of curing {unknown}

Dungeon Overview and Level Annotations

Branches:
Dungeon (4/15)              Sewer (visited)
 Temple: D:4-7

Altars:
Ashenzari
Fedhas
Trog

Annotations:
D:3 3 runed translucent doors, Sekuso's ghost, amateur FoHu

.....#.# #.####.....#.##.#
.....#.# #.# #......#....##
.......###.###..#.......... ##
................#.#..##.##. .#
...#..#.....###.#.##)##.## #.#
..........#...........#..##.>###
..........##....#..............#
...............<.....?.........#
...............#...............#
........#..^...#....!..........#
[........##....#@..............#
.........##....o).#.####.......#
..............>.)o..# #.......#
:[..<..........[....# ##.......#
..............."....###.†......#
..................#...).†....###
.#######.....................# #
#.....................#
........>..............#
#.....................##
...!..?.......?......#


You could see an orc priest and an orc.


Message History

No reachable target in view!
A bullfrog is nearby!
No reachable target in view!
You see here a cyan potion.
You see here a scroll of blinking {!r}.
You see here 2 viscous yellow potions.
You see here 22 gold pieces.
You see here a +2 war axe of flaming {axe}.
You see here 22 gold pieces.
You now have 178 gold pieces (gained 22).
You see here a scroll labelled ITESEI NEUPH.
I - a scroll labelled ITESEI NEUPH You see here 2 viscous yellow potions.
J - 2 viscous yellow potions You see here a scroll of blinking {!r}.
K - a scroll of blinking {!r} You see here a cyan potion.
m - 3 cyan potions (gained 1)
You enter the shallow water.
Moving in this stuff is going to be slow.
You see here a +2 war axe of flaming {axe}.
L - a +2 war axe of flaming {axe} You enter the shallow water.
Moving in this stuff is going to be slow.
There is a gate leading back out of this place here.
Welcome back to the Dungeon!
There is a collapsed entrance here.
Okay, then.
You start putting on your armour.
You continue putting on your +0 cloak of stealth. x4
You finish putting on your +0 cloak of stealth.
You feel stealthy.
You enter the shallow water.
Moving in this stuff is going to be slow.
There is a collapsed entrance here.
You enter the shallow water.
Moving in this stuff is going to be slow.
You see here a quokka skeleton.
M - a +0 chain mail No target in view!
Items here: )))) ÷÷÷.
You see here a scroll labelled UNI SUFANOLOINISCH.
An orc is nearby!
An orc is nearby!
The orc shouts!
You hear a shout!
There are monsters nearby!
There are monsters nearby!
The orc barely misses you.
There are monsters nearby!
You barely miss the orc.
The orc hits you with a +0 club. 😕 HP[-2]
You take 2 damage, and now have 30/32 hp.
The orc priest shouts!
You hit the orc.
You kill the orc!
The orc priest invokes the aid of Beogh against you.
Beogh smites you! 😮 HP[-12]
You take 12 damage, and now have 18/32 hp.
MASSIVE DAMAGE!! (PAUSE)
You completely miss the orc. You bite the orc.
You draw the orc's blood!
You feel better. 😮 HP[+3]
You regained 3 hp, and now have 21/32 hp.
You hit the orc but do no damage. You hit the orc wizard.
You barely miss the orc wizard.
The orc wizard hits you with a +0 dagger.
The orc hits you with a +0 hand axe. 😮 HP[-2]
You take 2 damage, and now have 19/32 hp.
You hit the orc wizard.
The orc wizard gestures at you while chanting.
The magic dart hits you.
* * * LOW HITPOINT WARNING * * *
😨 HP[-3]
You take 3 damage, and now have 16/32 hp.
You puncture the orc wizard!
You kill the orc wizard!
The orc priest looks satisfied for a moment.
The orc hits you with a +0 hand axe.
* * * LOW HITPOINT WARNING * * *
Your Stealth skill increases to level 7! 😨 HP[-6]
You take 6 damage, and now have 10/32 hp.
The orc priest calls upon Beogh to heal the orc.
The orc's wounds heal themselves!
The orc closely misses you.
Things that are here:
a +0 dagger {short}; a +0 robe You barely miss the orc priest.
You hit the orc priest but do no damage.
The orc priest hits you with a +0 hand axe.
* * * LOW HITPOINT WARNING * * *
The orc hits you with a +0 hand axe.
* * * LOW HITPOINT WARNING * * *
😱 HP[-8]
You take 8 damage, and now have 2/32 hp.
MASSIVE DAMAGE!! (PAUSE)
The orc priest hits you with a +0 hand axe.
You die...

Skill      XL: |  1  2  3  4  5 |
---------------+----------------+-----
Fighting       | 2 3 |  3.1
Stealth        | 2 5 7 |  7.2
Short Blades   | |  3.9
Throwing       | |  1.5
Dodging        | |  3.2

Action                   |  1- 3 |  4- 6 || total
-------------------------+-------+-------++-------
Melee: Rapier            |    64 |       ||    64
       Bite              |     7 |     9 ||    16
       Dagger            |    32 |   116 ||   148
       Punch             |       |     1 ||     1
 Abil: Exsanguinate      |       |     1 ||     1
 Stab: Sleeping          |     7 |    13 ||    20
Armor: Leather armour    |    26 |    33 ||    59
Dodge: Dodged            |    66 |    82 ||   148

Levels and vault maps discovered:
D:1:      dpeg_arrival_round_b, layout_basic, st_stairs_10
D:2:      layout_loops_corners, basic_altar
D:3:      layout_loops_corners, trog_butcher_becter, nicolae_ashenzari_skybound,
          hellmonk_ecumenical_altar_leap_of_faith, gammafunk_ghost_split
D:4:      layout_rooms, tso_metal_star, minmay_temple_entry_glassed_door,
          portal_sewer_entry_f

Notes
Turn   | Place    | Note
-------+----------+-------------------------------------------
     0 | D:1      | Faeu the Vampire Gladiator began the quest for the Orb.
     0 | D:1      | Reached XP level 1. HP: 16/16 MP: 1/1
     0 | D:1      | magus.rc [v1.9.6]
    43 | D:1      | Reached skill level 2 in Fighting
   377 | D:1      | Reached XP level 2. HP: 22/22 MP: 2/2
  1018 | D:2      | Identified the +7 dagger of Caustic Judgement {vorpal,
                  | Int-2 Dex+4 Stlth+}
  1115 | D:2      | Gained mutation: You are afflicted with vampirism and can
                  | become a bat while bloodless. [Vampire growth]
  1115 | D:2      | Reached XP level 3. HP: 28/28 MP: 3/3
  1195 | D:2      | Found a blossoming altar of Fedhas.
  1542 | D:2      | Reached skill level 3 in Fighting
  1902 | D:3      | Found a broken altar of Ashenzari.
  2043 | D:3      | Found a runed translucent gate.
  2044 | D:3      | Found a runed translucent gate.
  2047 | D:3      | Found a runed translucent gate.
  2047 | D:3      | Noticed Sekuso's ghost (amateur FoHu)
  2048 | D:3      | Noticed a necrophage
  2059 | D:3      | Reached skill level 1 in Stealth
  2146 | D:3      | Found a faded altar of an unknown god.
  2206 | D:3      | Reached skill level 2 in Stealth
  2257 | D:3      | Reached XP level 4. HP: 32/35 MP: 4/4
  2354 | D:3      | Found a bloodstained altar of Trog.
  2575 | D:3      | Reached skill level 3 in Stealth
  3008 | D:4      | Reached skill level 4 in Stealth
  3065 | D:4      | Found a glowing drain.
  3091 | Sewer    | Entered a sewer
  3121 | Sewer    | Reached skill level 5 in Stealth
  3121 | Sewer    | Reached XP level 5. HP: 41/41 MP: 5/5
  3317 | Sewer    | Reached skill level 6 in Stealth
  3567 | D:4      | Reached skill level 7 in Stealth
  3569 | D:4      | HP: 6/32 [orc priest/+0 hand axe (4)]
  3569 | D:4      | HP: 2/32 [orc/+0 hand axe (4)]
  3570 | D:4      | Slain by an orc priest

Vanquished Creatures
  An orc wizard (D:4)
  10 adders
  2 worms
  A dart slug (D:1)
  10 orcs
  11 ball pythons
  6 endoplasms
  12 giant cockroaches
  6 goblins
  5 hobgoblins
  7 jackals (D:3)
  13 quokkas
  3 bats
  9 frilled lizards
  4 kobolds
  4 rats
104 creatures vanquished.

Table legend:
 A = Non-vault XP
 B = Vault XP
 C = Vault XP percentage of total XP
 D = Non-vault monster count
 E = Vault monster count
 F = Vault count percentage of total count
                 A         B        C        D         E       F
            +---------+---------+-------+---------+---------+-------
      Total |     207 |     142 |  40.7 |      69 |      35 |  33.7
            +---------+---------+-------+---------+---------+-------
        D:1 |      31 |       2 |   6.1 |      16 |       2 |  11.1
        D:2 |      25 |       0 |   0.0 |      14 |       0 |   0.0
        D:3 |      62 |       9 |  12.7 |      24 |       4 |  14.3
        D:4 |      89 |      10 |  10.1 |      15 |       5 |  25.0
      Sewer |       0 |     121 | 100.0 |       0 |      24 | 100.0
            +---------+---------+-------+---------+---------+-------

Illustrated notes

Table legend:
 A = Kills in this place as a percentage of kills in entire the game.
 B = Kills by you in this place as a percentage of kills by you in the entire game.
 C = Kills by friends in this place as a percentage of kills by friends in the entire game.
 D = Other kills in this place as a percentage of other kills in the entire game.
 E = Experience gained in this place as a percentage of experience gained in the entire game.
 F = Experience gained in this place divided by the number of levels of this place that you have seen.
                   A       B       C       D       E      F
               +-------+-------+-------+-------+-------+----------------------
         Total | 100.0 | 100.0 |   N/A |   N/A | 100.0 |  69.8
       Dungeon |  76.9 |  76.9 |   N/A |   N/A |  65.3 |  57.0
         Sewer |  23.1 |  23.1 |   N/A |   N/A |  34.7 | 121.0
               +-------+-------+-------+-------+-------+----------------------

Table legend: (Time is in decaauts)
 A = Elapsed time spent in this place.
 B = Non-inter-level travel time spent in this place.
 C = Inter-level travel time spent in this place.
 D = Time resting spent in this place.
 E = Time spent auto-exploring this place.
 F = Levels seen in this place.
 G = Mean time per level.
                   A        B        C        D        E       F      G
               +--------+--------+--------+--------+--------+-----+--------+
         Total |   3621 |   3427 |    194 |     64 |   2533 |   5 |  724.2 |
       Dungeon |   3133 |   2939 |    194 |      0 |   2438 |   4 |  783.2 |
         Sewer |    488 |    488 |      0 |     64 |     95 |   1 |  488.0 |
               +--------+--------+--------+--------+--------+-----+--------+

Top non-repeatable levels by time:
     D:3: 1150 daAuts
     D:1: 916 daAuts
     D:2: 878 daAuts
   Sewer: 488 daAuts
     D:4: 188 daAuts
